AoeStats
← Nath

Arena

507827994Analyzed
2v2 RM · 13d ago on Sep 19, 2026· 57m 47s· 4 players
Game mode
Random Map
Map size
Medium (4 player)
Population
200
Speed
Normal
Resources
Standard
Victory
Conquest
Starting age
Dark Age
Ending age
Imperial Age
RankedLock teamsTeams togetherTeam positionsShared explorationLock speedFull tech treeHidden civsTurbo modeCheats
Victory
Defeat
🇨🇭 Persians · Switzerland
869
+17
🇨🇭 Romans · Switzerland
842
+18
🇳🇿 Lithuanians · New Zealand
922
-39
🇦🇿 Turks · Azerbaijan
850
-16
Parrandista
10:54 Feudal Age
9:10 Loom
11:28 Double-Bit Axe
12:01 Horse Collar
17:22 Castle Age
16:04 Scale Barding Armor
16:12 Gold Mining
18:34 Bow Saw
18:55 Heavy Plow
24:16 Wheelbarrow
28:03 Imperial Age
26:19 Forging
27:49 Chain Barding Armor
28:28 Hand Cart
28:40 Husbandry
28:51 Bloodlines
29:32 Iron Casting
29:59 Crop Rotation
30:43 Two-Man Saw
30:29 Gold Shaft Mining
29:54 Stone Mining
30:45 Plate Barding Armor
36:31 Stone Shaft Mining
36:14 Cavalier
41:02 Savar
48:20 Elite War Elephant
Nath
11:09 Feudal Age
11:36 Horse Collar
11:44 Double-Bit Axe
11:55 Stone Mining
19:27 Castle Age
18:09 Gold Mining
22:06 Scale Mail Armor
22:17 Forging
22:06 Man-at-Arms
23:06 Chain Mail Armor
22:48 Long Swordsman
26:09 Gold Shaft Mining
28:40 Iron Casting
28:34 Pikeman
29:14 Squires
38:48 Imperial Age
37:54 Loom
38:45 Wheelbarrow
37:55 Town Watch
38:57 Heavy Scorpion
40:06 Ballistics
40:47 Chemistry
39:57 Scale Barding Armor
40:53 Blast Furnace
40:15 Heavy Plow
40:30 Bow Saw
40:16 Capped Ram
41:29 Elite Centurion
43:01 Ballistas
43:23 Comitatenses
46:15 Legionary
47:22 Halberdier
48:28 Chain Barding Armor
52:59 Plate Barding Armor
t_Franz
10:13 Feudal Age
11:12 Double-Bit Axe
11:19 Horse Collar
17:36 Castle Age
19:24 Bow Saw
19:17 Heavy Plow
22:04 Scale Barding Armor
24:45 Wheelbarrow
24:00 Loom
24:02 Town Watch
24:37 Forging
25:06 Gold Mining
27:00 Hand Cart
28:48 Fortified Wall
28:59 Ballistics
29:05 Stone Mining
29:28 Town Patrol
39:54 Imperial Age
39:15 Husbandry
39:27 Bloodlines
40:33 Cavalier
40:57 Light Cavalry
42:25 Paladin
43:20 Tower Shields
42:45 Elite Skirmisher
43:39 Thumb Ring
43:33 Fletching
44:19 Iron Casting
51:32 Chemistry
trn25
10:37 Feudal Age
11:34 Double-Bit Axe
11:40 Gold Mining
12:50 Wheelbarrow
14:54 Horse Collar
18:18 Castle Age
16:39 Stone Mining
19:26 Heavy Plow
19:37 Bow Saw
20:26 Gold Shaft Mining
26:48 Imperial Age
26:30 Hand Cart
29:33 Scale Barding Armor
29:30 Padded Archer Armor
30:20 Fletching
32:00 Chain Barding Armor
31:51 Forging
32:55 Leather Archer Armor
32:36 Bodkin Arrow
34:14 Plate Barding Armor
37:08 Heavy Camel Rider
39:36 Ring Archer Armor
39:06 Bracer
39:43 Iron Casting
47:04 Blast Furnace
45:29 Elite Janissary
51:46 Conscription
Connection lost

Rejoining the realm…

Still unreachable

The connection could not be restored.

Session expired

The server has moved on; the page needs a fresh start.